Map: Undercurrent LE

Players

Downugo - Winner!

  • Race: Protoss Protoss
  • Spawn Location: 7:00

Heimdyl - Winner!

  • Race: Zerg Zerg
  • Spawn Location: 7:00

Computer

  • Race: Zerg Zerg
  • League: Master
  • Spawn Location: 3:00

WeAreLegion

  • Race: Terran Terran
  • League: Silver
  • Spawn Location: 1:00

VOD

Have the link to the VOD?

Description

Time

  • Played on: Dec. 9, 2024, 10:19 p.m.
  • Length: 13:50
Show
View Real Time Build Order
Export as new Build Order

Downugo Protoss - Winner!

Build Orders: Zealot Archon 

Get SALT Encoding   

  12  0:00  Probe  
  13  0:12  Probe  
  14  0:18  Pylon  
  14  0:24  Probe  
  15  0:28  Assimilator  
  15  0:37  Probe  
  16  0:45  Gateway  
  16  0:49  Probe  
  17  0:55  Assimilator  
  17  1:01  Probe  
  18  1:08  Pylon  
  18  1:13  Probe  
  19  1:25  Probe  
  20  1:34  Cybernetics Core  
  20  1:37  Probe  
  21  1:49  Probe  
  22  2:02  Warp Gate  
  22  2:03  Probe  
  23  2:18  Probe  
  23  2:19  Nexus  
  24  2:30  Stalker, Probe  
  27  2:42  Pylon  
  27  2:44  Probe  
  28  2:56  Probe  
  29  3:08  Probe  
  30  3:17  Pylon  
  30  3:20  Probe  
  30  3:24  Twilight Council  
  31  3:30  Gateway  
  31  3:31  Gateway  
  31  3:36  Gateway  
  31  3:40  Pylon  
  31  3:45  Probe  
  32  3:49  Charge  
  32  3:54  Probe  
  33  3:57  Probe  
  33  4:01  Shield Battery  
  34  4:03  Assimilator  
  34  4:06  Probe  
  34  4:09  Probe  
  36  4:19  Dark Shrine  
  36  4:21  Probe  
  36  4:22  Probe  
  38  4:29  Forge  
  38  4:33  Probe  
  38  4:34  Probe  
  40  4:39  Zealot  
  40  4:45  Probe  
  43  4:46  Probe  
  43  4:47  Zealot  
  43  4:51  Protoss Ground Weapons Level 1  
  46  4:56  Pylon  
  46  4:57  Probe  
  46  4:58  Probe  
  48  5:06  Photon Cannon  
  48  5:09  Probe, Pylon  
  48  5:10  Probe  
  48  5:11  Assimilator  
  50  5:21  Probe  
  50  5:23  Probe  
  52  5:31  Dark Templar x3  
  52  5:33  Probe  
  52  5:34  Shadow Stride  
  52  5:35  Probe  
  60  5:47  Probe  
  60  5:49  Probe, Photon Cannon  
  62  5:52  Pylon  
  62  5:59  Probe  
  64  6:11  Probe  
  60  6:23  Dark Templar x2  
  60  6:24  Probe, Dark Templar x2  
  69  6:28  Nexus  
  69  6:31  Pylon  
  69  6:33  Archon x2  
  69  6:34  Pylon  
  69  6:37  Probe  
  70  6:45  Protoss Shields Level 1  
  70  6:49  Probe  
  71  7:01  Probe  
  72  7:09  Photon Cannon  
  72  7:11  Photon Cannon  
  72  7:13  Probe x2  
  72  7:14  Photon Cannon  
  72  7:15  Shield Battery  
  74  7:18  Shield Battery  
  74  7:20  Pylon  
  74  7:23  Forge  
  74  7:24  Forge  
  74  7:26  Probe  
  74  7:27  Robotics Facility  
  74  7:28  Robotics Facility  
  74  7:29  Probe  
  76  7:30  Shield Battery  
  76  7:38  Probe  
  76  7:41  Probe  
  76  7:42  Probe  
  79  7:46  Assimilator, Protoss Ground Armor Level 1  
  79  7:47  Protoss Ground Weapons Level 2  
  79  7:49  Assimilator  
  79  7:50  Probe, Dark Templar x2  
  84  7:54  Probe  
  84  7:55  Blink  
  85  8:03  Probe  
  85  8:04  Probe  
  87  8:06  Probe  
  88  8:15  Probe  
  88  8:16  Dark Templar x2  
  93  8:22  Observer, Immortal  
  98  8:27  Probe  
  98  8:28  Archon x2  
  98  8:29  Dark Templar x2  
  103  8:36  Gateway  
  103  8:39  Gateway, Probe  
  103  8:40  Gateway  
  104  8:45  Archon  
  104  8:48  Probe x2  
  105  8:50  Protoss Shields Level 2  
  105  8:51  Probe, Dark Templar x2  
  111  8:57  Photon Cannon  
  111  8:59  Shield Battery  
  111  9:00  Pylon, Probe  
  112  9:03  Probe x2  
  114  9:14  Dark Templar x2  
  114  9:15  Probe, Immortal  
  123  9:22  Archon  
  123  9:25  Zealot x2  
  123  9:27  Probe  
  132  9:31  Immortal  
  132  9:39  Probe  
  133  9:58  Protoss Ground Armor Level 2, Probe  
  134  10:07  Probe  
  134  10:10  Probe  
  136  10:16  Robotics Bay  
  136  10:18  Photon Cannon  
  136  10:19  Probe  
  136  10:20  Zealot x2, Nexus  
  141  10:21  Pylon  
  141  10:26  Pylon x2  
  141  10:29  Pylon  
  141  10:39  Probe, Immortal  
  146  10:44  Immortal  
  150  10:52  Photon Cannon  
  150  10:54  Photon Cannon  
  150  10:57  Photon Cannon  
  150  10:58  Shield Battery  
  150  10:59  Dark Templar x5  
  150  11:01  Shield Battery, Protoss Ground Weapons Level 3  
  150  11:04  Pylon  
  160  11:06  Extended Thermal Lance  
  160  11:07  Assimilator  
  160  11:12  Assimilator  
  160  11:14  Photon Cannon  
  160  11:16  Shield Battery  
  160  11:18  Colossus  
  138  11:44  Dark Templar x2  
  138  11:45  Dark Templar x2  
  107  12:18  Colossus x2  
  119  12:31  Archon x2  
  119  12:34  Probe  
  119  12:36  Probe  
  121  12:44  Dark Templar x2  
  121  12:45  Zealot x2, Dark Templar  
  121  12:46  Zealot x2, Gravitic Boosters, Probe  
  121  12:48  Probe  
  137  12:58  Probe  
  146  13:34  Dark Templar  
  146  13:35  Dark Templar  
  146  13:36  Zealot x5  
  146  13:37  Probe  
Show
View Real Time Build Order
Export as new Build Order

Heimdyl Zerg - Winner!

Build Orders: Hatch First 

Get SALT Encoding   

  12  0:00  Drone  
  13  0:13  Overlord  
  13  0:17  Drone  
  14  0:41  Hatchery  
  13  0:43  Drone  
  13  0:47  Drone  
  15  0:50  Drone  
  16  1:07  Spawning Pool  
  16  1:08  Extractor  
  14  1:12  Drone  
  14  1:15  Drone  
  16  1:20  Drone  
  17  1:28  Drone  
  18  1:38  Drone  
  19  1:55  Queen x2  
  19  1:56  Zergling x2  
  19  1:58  Zergling x2  
  25  2:05  Drone  
  25  2:08  Overlord  
  26  2:17  Drone x2  
  28  2:29  Drone x2  
  30  2:37  Drone x2  
  32  2:40  Queen  
  34  2:48  Queen  
  36  3:15  Overlord x2  
  36  3:16  Overlord x2  
  36  3:29  Overlord x2  
  36  3:41  Drone x5  
  41  3:48  Lair  
  41  3:53  Hatchery, Metabolic Boost  
  40  4:14  Drone x7  
  47  4:18  Extractor  
  47  4:20  Drone  
  47  4:36  Extractor  
  47  4:37  Extractor  
  45  4:39  Drone  
  45  4:41  Hatchery  
  45  4:51  Queen  
  47  4:59  Drone x2, Evolution Chamber  
  48  5:00  Drone x6  
  48  5:01  Drone x2, Evolution Chamber  
  55  5:10  Zergling x12  
  61  5:25  Drone x3  
  64  5:30  Overlord x2  
  64  5:50  Drone x7  
  64  5:53  Extractor  
  64  5:54  Zerg Melee Weapons Level 1, Zerg Ground Armor Level 1, Extractor  
  64  5:56  Drone x3  
  71  6:00  Drone x2  
  71  6:01  Drone  
  71  6:02  Overlord  
  74  6:20  Drone x3  
  74  6:21  Drone x2  
  74  6:22  Drone  
  74  6:24  Drone  
  74  6:25  Drone x2  
  83  6:32  Drone, Baneling Nest  
  76  6:50  Spore Crawler x2  
  76  6:52  Zergling x38  
  91  6:58  Queen  
  91  6:59  Queen  
  95  7:13  Drone x2  
  95  7:14  Drone  
  98  7:16  Centrifugal Hooks  
  98  7:19  Drone  
  98  7:20  Hydralisk Den  
  98  7:21  Overseer  
  98  7:26  Pneumatized Carapace  
  98  7:32  Drone x2  
  98  7:33  Zergling x6  
  98  7:34  Spore Crawler, Zergling x2  
  98  7:36  Overlord x6  
  103  7:37  Spore Crawler  
  102  7:50  Muscular Augments  
  102  7:53  Queen x2  
  106  8:35  Baneling x16  
  106  8:36  Hydralisk x16  
  106  8:37  Hydralisk  
  106  8:38  Zergling x14  
  147  8:42  Hatchery  
  147  8:45  Extractor  
  145  8:54  Grooved Spines  
  145  9:05  Overlord x4  
  145  9:08  Drone, Infestation Pit  
  145  9:23  Zerg Melee Weapons Level 2, Zerg Ground Armor Level 2  
  145  9:26  Zergling x32  
  161  9:37  Extractor  
  150  9:50  Baneling x9  
  150  9:51  Zergling x28  
  164  10:00  Drone x2  
  164  10:01  Drone x4  
  170  10:32  Hydralisk x9  
  170  10:34  Zergling x2  
  189  10:36  Overlord x2  
  189  10:37  Overlord x2  
  189  10:58  Hydralisk x5  
  189  11:00  Zergling x2  
  189  11:03  Baneling x15  
  187  11:39  Zerg Missile Weapons Level 1  
  99  11:48  Hydralisk x23  
  99  11:49  Hydralisk  
  99  11:50  Zergling x20  
  141  12:14  Baneling x14  
  141  12:15  Baneling x6  
  141  12:16  Zergling x18  
  141  12:17  Zergling x14  
  141  12:19  Overseer x2  
  157  12:40  Zergling x34  
  154  13:33  Drone x3  
  154  13:34  Drone x3  
  187  13:50  Extractor  
Show
View Real Time Build Order
Export as new Build Order

Computer Zerg 

Build Orders: Hatch First 

Get SALT Encoding   

  12  0:00  Drone  
  13  0:08  Drone  
  14  0:16  Overlord  
  14  0:35  Drone x2  
  16  0:45  Drone  
  16  0:48  Drone  
  18  0:56  Hatchery  
  17  1:00  Drone  
  18  1:14  Spawning Pool  
  17  1:19  Overlord  
  17  1:38  Drone x2, Extractor  
  18  2:01  Zergling x6  
  18  2:04  Queen  
  18  2:08  Queen  
  23  2:09  Drone  
  23  2:15  Drone  
  27  2:20  Drone  
  28  2:33  Spine Crawler  
  28  2:34  Drone  
  28  2:39  Drone x2  
  30  2:50  Zergling x2  
  31  2:52  Zergling x4  
  31  2:55  Metabolic Boost  
  31  2:56  Extractor  
  32  3:16  Drone  
  32  3:17  Drone  
  34  3:29  Drone  
  34  3:33  Spine Crawler  
  34  3:36  Hatchery  
  34  3:39  Overlord x2  
  33  3:43  Lair  
  33  3:48  Drone x3  
  36  3:52  Evolution Chamber  
  36  3:54  Evolution Chamber  
  34  3:56  Drone, Evolution Chamber  
  34  3:57  Drone  
  35  4:08  Queen  
  37  4:23  Drone x3  
  40  4:36  Zerg Melee Weapons Level 1  
  40  4:37  Roach Warren  
  39  4:40  Drone x3  
  42  4:49  Drone x4  
  46  5:02  Drone x2  
  46  5:03  Queen  
  46  5:06  Zerg Ground Armor Level 1  
  50  5:09  Zerg Missile Weapons Level 1  
  50  5:14  Queen  
  50  5:15  Drone x3  
  50  5:17  Extractor  
  50  5:19  Zergling x2  
  50  5:20  Zergling x2  
  56  5:21  Zergling x2  
  56  5:23  Drone  
  56  5:26  Glial Reconstitution  
  58  5:32  Overlord x2  
  58  5:54  Drone x3  
  58  5:55  Drone  
  62  6:03  Overseer x2  
  52  6:24  Drone x16  
  68  6:43  Zergling x8  
  71  6:58  Roach  
  71  6:59  Overlord x4  
  73  7:16  Extractor  
  72  7:26  Roach  
  72  7:27  Roach x7  
  72  7:29  Overlord  
  88  7:35  Zerg Missile Weapons Level 2, Zerg Melee Weapons Level 2, Zerg Ground Armor Level 2  
  88  7:43  Infestation Pit  
  87  7:45  Extractor  
  87  7:47  Drone x3, Extractor  
  88  8:12  Hatchery  
  87  8:13  Hatchery  
  86  8:21  Drone x3  
  91  8:34  Roach x4  
  91  8:35  Overlord x4  
  91  8:36  Overlord x3  
  97  8:44  Pneumatized Carapace  
  97  8:58  Neural Parasite  
  97  9:00  Hatchery  
  97  9:02  Infestor x2  
  96  9:03  Infestor x2  
  104  9:12  Roach x5  
  114  9:18  Drone x3  
  117  9:28  Overseer x3  
  117  9:29  Overlord x3  
  119  9:31  Roach x5  
  127  10:00  Roach  
  127  10:01  Roach x7  
  143  10:07  Roach x3  
  143  10:08  Roach  
  143  10:11  Hive  
  151  10:16  Drone  
  151  10:17  Hydralisk Den  
  151  10:45  Infestor x3  
  151  10:46  Roach  
  151  10:47  Roach x9  
  177  11:00  Overlord x3  
  177  11:19  Hydralisk x3  
  177  11:20  Hydralisk x8  
  177  11:23  Grooved Spines  
  199  11:27  Drone  
  133  11:46  Zergling x26  
  86  12:07  Zergling x18  
  84  12:23  Overseer x5  
  84  12:25  Infestor  
  84  12:26  Infestor x2, Hydralisk x5  
  100  12:43  Hatchery  
  99  12:47  Hydralisk  
  99  12:48  Hydralisk x3  
  99  12:49  Infestor, Hydralisk x2  
  90  13:11  Zergling x2, Hydralisk  
  90  13:12  Zergling x2, Hydralisk x5  
  82  13:14  Zergling x2  
  63  13:30  Zergling x10  
  63  13:31  Zergling x8  
Show
View Real Time Build Order
Export as new Build Order

WeAreLegion Terran 

Build Orders: Reaper Expand 

Get SALT Encoding   

  12  0:00  SCV  
  13  0:12  SCV  
  14  0:24  SCV  
  14  0:25  Supply Depot  
  15  0:47  SCV  
  16  0:50  Barracks  
  16  0:53  Refinery  
  16  0:59  SCV  
  17  1:11  SCV  
  18  1:23  SCV  
  19  1:37  Orbital Command  
  19  1:38  Reaper  
  20  1:49  Command Center  
  20  1:58  Supply Depot  
  19  2:05  SCV  
  20  2:14  Factory  
  20  2:16  Marine  
  20  2:18  SCV  
  22  2:29  Refinery  
  22  2:30  SCV  
  23  2:42  SCV  
  23  2:43  Barracks Reactor  
  24  3:16  SCV  
  24  3:19  Orbital Command  
  25  3:22  Widow Mine  
  27  3:27  Starport  
  27  3:28  SCV  
  27  3:32  Barracks  
  28  3:34  Engineering Bay  
  28  3:39  Marine x2  
  28  3:40  Barracks  
  30  3:45  SCV  
  31  3:50  SCV  
  34  3:56  Widow Mine  
  34  3:57  SCV, Marine  
  34  4:02  SCV  
  37  4:07  Supply Depot  
  37  4:09  SCV  
  38  4:11  Refinery  
  38  4:12  Medivac  
  38  4:14  SCV  
  38  4:16  Marine x2  
  45  4:17  Widow Mine  
  45  4:22  SCV  
  46  4:34  Marine x2, Missile Turret  
  46  4:38  SCV x2, Missile Turret  
  48  4:41  Marine x2  
  52  4:50  SCV  
  52  4:51  Supply Depot, SCV  
  54  4:58  Supply Depot  
  54  4:59  Marine x2  
  57  5:01  Barracks Tech Lab  
  57  5:02  Barracks Reactor  
  57  5:03  SCV x2  
  58  5:09  Starport Tech Lab, Factory Tech Lab  
  58  5:15  SCV  
  59  5:25  SCV  
  59  5:27  SCV  
  61  5:30  Refinery  
  61  5:33  Raven  
  61  5:35  Siege Tank, Marine x2  
  68  5:37  SCV  
  68  5:38  Marine  
  68  5:39  SCV  
  68  5:41  Stimpack  
  71  5:47  Armory  
  71  5:49  SCV  
  72  5:51  Terran Infantry Weapons Level 1, SCV  
  72  5:53  Marine x2  
  72  5:56  Engineering Bay  
  75  6:26  SCV x2, Marine  
  78  7:00  Command Center  
  78  7:04  Barracks  
  78  7:08  Barracks  
  78  7:21  Starport Reactor  
  78  7:24  Factory  
  78  7:28  Supply Depot  
  78  7:29  Marine x2  
  85  7:30  SCV x2, Siege Tank  
  85  7:32  Terran Infantry Armor Level 1  
  85  7:33  Supply Depot, Terran Ship Weapons Level 1  
  85  7:42  SCV  
  86  7:50  SCV  
  87  7:51  Supply Depot  
  87  7:54  SCV  
  87  7:55  Supply Depot  
  82  8:01  Medivac x2  
  82  8:03  Barracks Tech Lab  
  82  8:04  Combat Shield, Barracks Reactor  
  86  8:31  Medivac  
  88  8:42  Marine  
  88  8:43  Marine x5  
  88  8:44  Marauder x2  
  98  8:51  Factory  
  98  8:55  Ghost Academy  
  98  9:05  Marauder  
  98  9:06  Marine x5  
  98  9:07  Supply Depot x2, Marauder  
  98  9:08  Siege Tank  
  110  9:10  Viking x2  
  114  9:17  Marine  
  114  9:23  Marine  
  114  9:24  Marine x2  
  116  9:27  Marauder  
  116  9:28  Marauder  
  116  9:31  Supply Depot  
  121  9:33  Supply Depot  
  121  9:40  Siege Tank, Viking x2  
  128  9:48  Marauder  
  128  9:50  Marauder  
  132  10:09  Marauder  
  132  10:10  Viking  
  132  10:12  Siege Tank  
  139  10:44  Siege Tank  
  142  11:02  SCV x2  
  135  11:11  Ghost x2  
  135  11:14  SCV x2  
  135  11:16  Marine x4  
  147  11:35  Factory Reactor  
  127  11:40  Ghost x2  
  79  12:08  Ghost x2  
  85  12:30  SCV x2, Marine x3  
  85  12:31  Marine x3  
  93  12:37  Ghost  
  93  12:38  Marauder  
  93  12:42  SCV x2  
  100  12:45  Widow Mine x3  
  100  12:48  Marine x3  
  100  12:50  Command Center  
  107  12:59  Marauder  
  107  13:05  Command Center  
  86  13:06  Marauder  
  76  13:21  Marauder  
  72  13:28  Marauder  
  72  13:31  Marine x4  
  72  13:32  Marine  
Tags
 
Add a new tag
Caveats
  • Supply blocks, unpowered buildings, or Contaminate may cause inaccurate times.
  • Supply counts are checked every 10 seconds.